AoeStats
← Coyunto90

Golden Pit

509465863Analyzed
1v1 RM · 5d ago on Sep 26, 2026· 32m 46s· 2 players
Game mode
Random Map
Map size
Tiny (2 player)
Population
200
Speed
Normal
Resources
Standard
Victory
Conquest
Starting age
Dark Age
Ending age
Imperial Age
RankedLock teamsTeams togetherTeam positionsShared explorationLock speedFull tech treeHidden civsTurbo modeCheats
Victory
Defeat
🇺🇸 Franks · United States
1131
+15
🇪🇸 Persians · Spain
1108
-15
Coyunto90
6:15 Loom
11:17 Feudal Age
12:32 Town Watch
14:54 Double-Bit Axe
28:33 Castle Age
27:11 Scale Barding Armor
28:39 Bloodlines
29:56 Bow Saw
30:35 Husbandry
soymilk789
4:59 Loom
13:34 Feudal Age
14:16 Double-Bit Axe
19:37 Forging
20:53 Scale Barding Armor
25:55 Gold Mining
25:48 Man-at-Arms
28:07 Scale Mail Armor
30:49 Castle Age
32:57 Wheelbarrow
33:58 Gold Shaft Mining
Connection lost

Rejoining the realm…

Still unreachable

The connection could not be restored.

Session expired

The server has moved on; the page needs a fresh start.